Map: Orbital Shipyard

Players

LilDicky - Winner!

  • Race: Zerg Zerg
  • League: Diamond

zen

  • Race: Protoss Protoss
  • League: Gold

VOD

http://www.twitch.tv/tumescentpie

Description

Time

  • Played on: Nov. 26, 2015, 9:50 a.m.
  • Length: 10:59
Show
View Real Time Build Order
Export as new Build Order

LilDicky Zerg - Winner!

Build Orders: Hatch First 

Get SALT Encoding   

  12  0:01  Drone  
  13  0:17  Drone  
  14  0:21  Extractor  
  14  0:22  Drone  
  14  0:25  Drone, Extractor  
  14  0:28  Overlord  
  16  0:51  Hatchery  
  16  0:56  Drone  
  16  0:57  Drone  
  17  1:14  Spawning Pool  
  17  1:17  Extractor  
  15  1:19  Drone  
  16  1:26  Drone x2  
  18  1:44  Drone x2  
  20  1:54  Overlord  
  20  2:00  Queen  
  22  2:04  Queen  
  24  2:09  Zergling x2  
  24  2:10  Zergling x2  
  26  2:25  Metabolic Boost  
  26  2:29  Drone x3, Extractor  
  29  2:51  Drone  
  29  2:52  Drone x4  
  33  3:03  Drone  
  33  3:04  Drone, Extractor x2  
  33  3:06  Lair  
  33  3:21  Overlord  
  33  3:24  Overlord  
  33  3:34  Drone x3  
  36  3:42  Drone x6  
  42  3:49  Queen  
  42  3:52  Drone  
  42  3:54  Drone  
  46  4:04  Spire  
  45  4:13  Overlord x2  
  45  4:34  Overlord  
  45  4:50  Drone x3  
  45  4:51  Drone x2  
  50  4:53  Drone  
  50  4:56  Drone  
  52  5:16  Mutalisk x9  
  52  5:20  Zergling x4  
  72  5:24  Overlord  
  72  5:27  Hatchery  
  70  5:50  Zergling x2  
  70  5:51  Zergling x8  
  75  5:58  Overlord x2  
  75  6:15  Mutalisk x6  
  87  6:29  Zergling x2  
  87  6:30  Zergling x6  
  87  6:31  Overlord  
  87  6:32  Overlord  
  91  6:38  Mutalisk  
  93  6:47  Mutalisk  
  93  6:48  Mutalisk  
  93  6:50  Drone x3  
  100  7:24  Spine Crawler  
  100  7:28  Spore Crawler  
  100  7:29  Spine Crawler  
  97  7:30  Spore Crawler  
  97  7:31  Drone  
  97  7:32  Drone x8  
  100  8:01  Mutalisk  
  100  8:02  Mutalisk x6  
  100  8:04  Overlord x3  
  112  8:27  Mutalisk  
  112  8:28  Mutalisk x3  
  120  8:40  Drone  
  124  8:41  Drone x8  
  124  8:45  Spine Crawler  
  124  8:46  Spine Crawler x2  
  124  8:47  Spine Crawler x4  
  124  8:48  Spine Crawler  
  121  8:49  Drone x2  
  121  8:50  Drone x3, Spine Crawler, Queen  
  119  9:11  Extractor  
  119  9:16  Extractor  
  113  9:30  Mutalisk  
  113  9:31  Mutalisk x5  
  109  9:37  Spine Crawler  
  118  9:38  Spine Crawler  
  115  10:19  Hatchery  
  114  10:30  Zergling x24  
Show
View Real Time Build Order
Export as new Build Order

zen Protoss 

Build Orders: 1 Gate Expand 

Get SALT Encoding   

  12  0:02  Probe (Chrono Boost)  
  13  0:13  Probe (Chrono Boost)  
  14  0:20  Pylon  
  14  0:23  Probe (Chrono Boost)  
  15  0:38  Probe (Chrono Boost)  
  15  0:39  Gateway  
  16  0:48  Probe (Chrono Boost)  
  17  1:00  Probe (Chrono Boost)  
  18  1:20  Nexus  
  18  1:23  Probe (Chrono Boost)  
  19  1:30  Zealot  
  21  1:37  Pylon  
  21  1:42  Assimilator  
  21  1:53  Cybernetics Core  
  21  1:55  Probe (Chrono Boost)  
  22  2:09  Probe (Chrono Boost)  
  23  2:19  Probe (Chrono Boost)  
  24  2:29  Assimilator  
  25  2:30  Probe (Chrono Boost)  
  25  2:35  Assimilator  
  25  2:38  Gateway  
  25  2:40  Gateway, Warp Gate (Chrono Boost)  
  25  2:50  Zealot  
  27  2:54  Probe x2 (Chrono Boost)  
  29  3:16  Robotics Facility  
  29  3:19  Pylon  
  29  3:21  Probe  
  29  3:22  Probe  
  31  3:29  Sentry  
  31  3:30  Adept  
  31  3:31  Probe  
  36  3:34  Probe  
  37  3:42  Probe  
  37  3:46  Mothership Core  
  40  3:50  Adept  
  40  3:52  Probe  
  43  3:57  Assimilator  
  43  4:03  Probe  
  43  4:05  Observer  
  43  4:08  Probe  
  48  4:13  Probe  
  47  4:19  Pylon  
  47  4:20  Probe  
  47  4:21  Pylon  
  48  4:24  Probe  
  49  4:32  Probe  
  49  4:34  Immortal (Chrono Boost)  
  49  4:35  Probe  
  55  4:39  Sentry  
  55  4:43  Sentry x2  
  61  4:55  Pylon  
  61  5:03  Stalker, Probe  
  61  5:05  Probe  
  65  5:10  Pylon  
  65  5:17  Sentry x2, Probe  
  70  5:25  Warp Prism (Chrono Boost)  
  70  5:27  Stalker  
  74  5:33  Gateway, Probe  
  74  5:35  Gateway  
  75  5:44  Probe  
  75  5:46  Probe  
  75  5:48  Stalker  
  79  5:51  Adept  
  79  5:52  Adept  
  81  6:04  Pylon  
  81  6:11  Pylon  
  71  6:20  Stalker  
  71  6:21  Stalker x2  
  73  6:30  Probe  
  73  6:32  Probe, Twilight Council  
  74  6:41  Sentry x2, Probe  
  79  6:58  Stalker  
  79  6:59  Stalker  
  79  7:00  Stalker  
  83  7:11  Stalker x2  
  87  7:18  Blink (Chrono Boost)  
  87  7:23  Pylon  
  87  7:42  Stalker x2  
  87  7:43  Stalker x3  
  96  8:06  Stalker  
  96  8:07  Stalker x2  
  102  8:16  Nexus  
  91  8:26  Probe  
  80  8:28  Probe  
  81  8:40  Probe  
  82  8:54  Stalker x3  
  82  8:55  Stalker x2  
  92  9:16  Nexus  
  92  9:18  Zealot x4  
  74  9:34  Probe, Pylon  
  74  9:35  Probe  
  72  9:44  Probe  
  67  9:54  Zealot  
  67  10:10  Pylon  
  67  10:11  Probe x2  
  67  10:12  Probe  
  70  10:14  Forge  
  71  10:21  Probe, Observer  
  71  10:23  Stalker x2  
  71  10:24  Probe  
  77  10:32  Mothership Core  
Tags
 
Add a new tag
Caveats
  • Supply blocks, unpowered buildings, or Contaminate may cause inaccurate times.
  • Supply counts are checked every 10 seconds.